 Dungeon Crawl Stone Soup version 0.28-a0-612-gcfc00ec14d (webtiles) character file.

Game seed: 11334217393058257404

119 siradein the Ruffian (level 5, -18/45 HPs)
             Began as a Naga Transmuter on Oct 5, 2021.
             Demolished by an ogre (29 damage)
             ... on level 4 of the Dungeon.
             The game lasted 00:05:54 (3903 turns).

siradein the Ruffian (Naga Transmuter)              Turns: 3903, Time: 00:05:55

Health: -18/45     AC:  4    Str: 13    XL:     5   Next: 3%
Magic:  7/8        EV:  9    Int: 13    God:
Gold:   175        SH:  0    Dex: 12    Spells: 3/9 levels left

rFire   . . .      SeeInvis +     - Unarmed
rCold   + . .      Faith    .   (no shield)
rNeg    . . .      Spirit   .   b - +1 leather armour {rC+}
rPois   +          Reflect  .   (helmet currently unavailable)
rElec   .          Harm     .   (no cloak)
rCorr   .          Rampage  .   (no gloves)
Will    .....                   (no barding)
Stlth   +.........              (no amulet)
HPRegen 0.15/turn               (no ring)
MPRegen 0.11/turn               (no ring)

@: short of breath, appendages (expiring), very slow
A: horns 2, AC +1, large, see invisible, deformed body, poison resistance,
slowness 2, spit poison 1, naga tail 1
a: Spit Poison, End Transformation


You were on level 4 of the Dungeon.
You had temporarily grown beastly horns.
You visited 1 branch of the dungeon, and saw 4 of its levels.

You collected 175 gold pieces.

Inventory:

Armour
 b - a +1 leather armour of cold resistance (worn)
 m - a +0 buckler
Scrolls
 a - 3 scrolls of identify
 d - 3 scrolls of teleportation {unknown}
 f - a scroll of acquirement {unknown}
 h - a scroll of fear {unknown}
 i - a scroll of noise {unknown}
 n - a scroll of blinking {unknown}
 o - a scroll of amnesia {unknown}
 q - a scroll of magic mapping {unknown}
 r - a scroll of fog {unknown}
Potions
 c - 3 potions of attraction
 e - 2 potions of flight
 g - 2 potions of invisibility
 j - a potion of heal wounds {unknown}
 k - a potion of degeneration {unknown}
 l - 2 potions of curing {unknown}
 p - 2 potions of might {unknown}


   Skills:
 + Level 2.0 Fighting
 + Level 2.2 Dodging
 + Level 3.5 Unarmed Combat
 + Level 2.6 Spellcasting
 + Level 2.7 Transmutations
 + Level 1.7 Poison Magic


You had 3 spell levels left.
You knew the following spells:

 Your Spells              Type           Power      Damage    Failure   Level
a - Beastly Appendage     Tmut           16%        N/A       10%         1
b - Wereblood             Tmut           8%         N/A       16%         2
c - Spider Form           Tmut/Pois      3%         N/A       36%         3

Your spell library contained the following spells:

 Spells                   Type           Power      Damage    Failure   Level
 Passwall                 Tmut/Erth      4%         N/A       26%         2
 Swiftness                Air            1%         N/A       67%         3
 Ice Form                 Ice/Tmut       5%         N/A       86%         4
 Invisibility             Hex            0%         N/A       100%        6


Dungeon Overview and Level Annotations

Branches:
Dungeon (4/15)
 Temple: D:4-7

Altars:
Ashenzari
Gozag
Uskayaw
Zin

Shops:
D:3 *

Annotations:
D:4 Grinder


Innate Abilities, Weirdness & Mutations

You have temporarily grown beastly horns.
Your serpentine skin is tough. (AC +1)
You have supernaturally acute eyesight. (SInv)
Armour fits poorly on your strangely shaped body.
Your system is resistant to poisons. (rPois)
You cover ground very slowly.
You can spit poison.
You have a snake-like lower body.


Message History

Your horns disappear.
HP restored.
An ogre comes into view. It is wielding a +0 giant club.
The ogre shouts!
You hear an angry hiss.
You hear a shout!
The ogre moves out of view.
An orc comes into view. It is wielding a +0 dagger.
There are monsters nearby!
There are monsters nearby!
There are monsters nearby!
Casting: Beastly Appendage (safe; 10% risk of failure)
Press: ? - help, Q - select action, (/) - cycle Dir - look around, f - activate You miscast Beastly Appendage.
You are very lightly contaminated with residual magic.
Nothing appears to happen.
The orc shouts!
You hear a zap.
You hear a grinding noise.
Casting: Beastly Appendage (safe; 10% risk of failure)
Press: ? - help, Q - select action, (/) - cycle Dir - look around, f - activate You grow a pair of large bovine horns.
The ogre closely misses you.
You completely miss the ogre. The ogre closely misses you.
You hit the ogre but do no damage. You barely miss the ogre.
Your transformation is almost over.
The ogre hits you with a +0 giant club.
Your magical contamination has completely faded away.
Your leather armour prevents you from hitting the ogre.
The ogre hits you with a +0 giant club!
Press: ? - help, Shift-Dir - straight line, f - orc
Aim: an orc, wielding a +0 dagger The splash of poison hits the ogre!
The ogre is poisoned.
The ogre is moderately wounded.
The ogre hits you with a +0 giant club!!
* * * LOW HITPOINT WARNING * * *
Grinder comes into view.
You hit the ogre.
The ogre is heavily wounded.
The ogre hits you with a +0 giant club!!
Ouch! That really hurt!
You die...

##. #.. .... .....
...## ...
#.#########
#.5.oO@...######
#########......###
#............#####
#...<....###.....##
#.......########...
#..................
#.......###########
#...<...# #.......#


You could see Grinder, an ogre (poisoned) and an orc.

Vanquished Creatures
  7 adders
  A worm (D:3)
  3 dart slugs
  An orc (D:3)
  2 bats (D:2)
  6 endoplasms
  4 giant cockroaches
  3 goblins
  6 hobgoblins
  2 quokkas
  2 ball pythons (D:2)
  2 frilled lizards
  4 kobolds
  6 rats
49 creatures vanquished.

Vanquished Creatures (others)
  4 fungi (D:2)
  6 plants (D:2)
10 creatures vanquished.

Grand Total: 59 creatures vanquished

Notes
Turn   | Place    | Note
-------+----------+-------------------------------------------
     0 | D:1      | siradein the Naga Transmuter began the quest for the Orb.
     0 | D:1      | Reached XP level 1. HP: 18/18 MP: 3/3
   220 | D:1      | Reached XP level 2. HP: 22/25 MP: 3/5
  1356 | D:2      | Found a broken altar of Ashenzari.
  1406 | D:2      | Reached XP level 3. HP: 18/31 MP: 6/6
  1753 | D:2      | Learned a level 2 spell: Wereblood
  1757 | D:2      | Learned a level 3 spell: Spider Form
  1806 | D:2      | Found a faded altar of an unknown god.
  2682 | D:3      | Reached XP level 4. HP: 23/39 MP: 5/7
  2862 | D:3      | Found Zin's Purification Station.
  2866 | D:3      | Found a glowing silver altar of Zin.
  2868 | D:3      | Reached skill level 1 in Poison Magic
  3200 | D:3      | Found a hide-covered altar of Uskayaw.
  3418 | D:3      | Found an opulent altar of Gozag.
  3767 | D:4      | Reached XP level 5. HP: 35/45 MP: 8/8
  3890 | D:4      | Noticed an ogre
  3902 | D:4      | Noticed Grinder
  3903 | D:4      | Demolished by an ogre

Illustrated notes

Levels and vault maps discovered:
D:1:      moated_graveyard_arrival, layout_basic
D:2:      layout_loops_ring, shapermc_ecumenical_altar_mp_urbaneastern,
          basic_altar
D:3:      kennysheep_six_static_rooms, layout_basic, jmf_multi_god_temple,
          zin_purify, mrwooster_statue_mirror
D:4:      minmay_skewed_foursquare, layout_rooms, uniq_natasha, uniq_edmund,
          uniq_grinder

Skill      XL: |  1  2  3  4 |
---------------+-------------+-----
Dodging        | 2 |  2.2
Poison Magic   | 1 |  1.7
Fighting       | 2 |  2.0
Unarmed Combat | |  3.5
Spellcasting   | |  2.6
Transmutations | |  2.7

Action                   |  1- 3 |  4- 6 || total
-------------------------+-------+-------++-------
Melee: Unarmed           |   101 |    66 ||   167
       Headbutt          |    13 |     6 ||    19
       Punch             |     2 |     1 ||     3
 Cast: Beastly Appendage |    26 |    12 ||    38
 Abil: Spit Poison       |     2 |     1 ||     3
  Use: Scroll            |       |     3 ||     3
 Stab: Sleeping          |     2 |       ||     2
Armor: Robe              |    19 |       ||    19
       Leather armour    |       |    13 ||    13
Dodge: Dodged            |    48 |    40 ||    88

Table legend: (Time is in decaauts)
 A = Elapsed time spent in this place.
 B = Non-inter-level travel time spent in this place.
 C = Inter-level travel time spent in this place.
 D = Time resting spent in this place.
 E = Time spent auto-exploring this place.
 F = Levels seen in this place.
 G = Mean time per level.
                   A        B        C        D        E       F      G
               +--------+--------+--------+--------+--------+-----+--------+
         Total |   4747 |   4648 |     99 |      0 |   4169 |   4 | 1186.8 |
       Dungeon |   4747 |   4648 |     99 |      0 |   4169 |   4 | 1186.8 |
               +--------+--------+--------+--------+--------+-----+--------+

Top non-repeatable levels by time:
     D:3: 1734 daAuts
     D:1: 1621 daAuts
     D:2: 1229 daAuts
     D:4: 162 daAuts
